 Dungeon Crawl Stone Soup version 0.19.4-25-g1b72edd (webtiles) character file.

570 JeffiDaFish the Covered (level 7, -1/44 HPs)
             Began as a Gargoyle Fighter on Feb 28, 2017.
             Was an Initiate of Okawaru.
             Slain by Sigmund
             ... wielding a +0 scythe
              (2 damage)
             ... on level 4 of the Dungeon.
             The game lasted 00:10:06 (2973 turns).

JeffiDaFish the Covered (Gargoyle Fighter)          Turns: 2973, Time: 00:10:07

Health: -1/44      AC: 14    Str: 20    XL:     7   Next: 34%
Magic:  7/7        EV:  6    Int:  8    God:    Okawaru [......]
Gold:   224        SH: 11    Dex: 11    Spells: 0 memorised, 6 levels left

rFire  . . .     SeeInvis .     a - +0 flail
rCold  . . .     Gourm    .     l - +0 chain mail
rNeg   + . .     Faith    .     c - +1 shield
rPois  ∞         Spirit   .     (no helmet)
rElec  +         Reflect  .     (no cloak)
rCorr  .         Harm     .     (no gloves)
MR     .....                    (no boots)
Stlth  ..........               (no amulet)
                                (no ring)
                                j - ring of stealth

@: no status effects
A: negative energy resistance 1, electricity resistance, unbreathing,
petrification resistance, rot immunity, AC +4
a: Renounce Religion


You were on level 4 of the Dungeon.
You worshipped Okawaru.
Okawaru was noncommittal.
You were hungry.

You visited 1 branch of the dungeon, and saw 4 of its levels.

You collected 224 gold pieces.

Inventory:

Hand Weapons
 a - a +0 flail (weapon)
Armour
 c - a +1 shield (worn)
 l - a +0 chain mail (worn)
Jewellery
 j - a ring of stealth (left hand)
Scrolls
 d - 2 scrolls of fog
 e - 3 scrolls of identify
 i - 2 scrolls of magic mapping
Comestibles
 b - 3 chunks of flesh
 f - 2 bread rations
 g - a beef jerky
 h - 3 fruits


   Skills:
 + Level 4.5 Fighting
 + Level 4.5 Maces & Flails
 + Level 5.0 Armour
 + Level 1.9 Dodging
 + Level 0.8 Stealth
 + Level 5.0 Shields


You had 6 spell levels left.
You didn't know any spells.

Dungeon Overview and Level Annotations

Branches:
Dungeon (4/15)
 Temple: D:4-7

Altars:
Hepliaklqana
Nemelex Xobeh
Okawaru
Trog
Zin

Annotations:
D:3 Crazy Yiuf
D:4 Grinder, Sigmund


Innate Abilities, Weirdness & Mutations

You are resistant to torment.
Your stone body is resilient. (AC +4)
You are immune to poison.
You resist negative energy. (rN+)
You are resistant to electric shocks. (rElec)
You can survive without breathing.
You are immune to petrification.
You are immune to rotting.


Message History

* * * LOW HITPOINT WARNING * * *
Something hits you.
* * * LOW HITPOINT WARNING * * *
Grinder gestures at you.
You suddenly lose the ability to move!
Grinder blinks!
Something completely misses you.
You can move again.
You aren't carrying any potions.
You miss something.
Sigmund appears from thin air!
Reactivating autopickup.
Grinder gestures at you. Pain shoots through your body!
* * * LOW HITPOINT WARNING * * *
Sigmund says, "Your kind have come here before.
I understand now why.
You desire death..."
Sigmund hits you but does no damage.
You thump Sigmund!
Sigmund is severely wounded.
Grinder blinks!
Sigmund hits you with a scythe.
You die...

#..####.# #.......#
. .########.######).
..................
..................
#.######........#
#.#.####.#
..##+######.#....#.#
P.......@.§.#.#..#.#
P........@..5....#.#
...........##.#....#
+#
...................#
.#
#.###..######.#....#
#.# # ##.
#.#....###.## ..
..#.......... .#.
#..#..........
#..#..........


You could see Grinder and Sigmund.

Vanquished Creatures
  The ghost of mandarbmax the Digger, an amateur FoEE (D:3)
  Purgy (D:2)
  An eye of draining (D:3)
  An ogre (D:3)
  2 hounds (D:4)
  2 adders
  A gnoll (D:3)
  A worm (D:4)
  2 dart slugs
  11 orcs (D:3)
  A giant cockroach (D:3)
  6 goblins
  10 hobgoblins
  13 jackals
  A quokka (D:3)
  A ball python (D:2)
  8 bats
  5 frilled lizards
  4 kobolds
  8 rats
80 creatures vanquished.

Notes
Turn   | Place    | Note
-------+----------+-------------------------------------------
     0 | D:1      | JeffiDaFish the Gargoyle Fighter began the quest for the Orb.
     0 | D:1      | Reached XP level 1. HP: 14/14 MP: 1/1
   214 | D:1      | Reached XP level 2. HP: 17/19 MP: 2/2
   549 | D:2      | Found a faded altar of an unknown god.
   616 | D:2      | Reached XP level 3. HP: 20/24 MP: 3/3
  1006 | D:2      | Found a sparkling altar of Nemelex Xobeh.
  1234 | D:3      | Noticed Purgy
  1250 | D:2      | HP: 1/24 [Purgy (3)]
  1256 | D:2      | Killed Purgy
  1256 | D:2      | Reached skill level 1 in Dodging
  1256 | D:2      | Reached XP level 4. HP: 2/29 MP: 4/4
  1256 | D:2      | Reached XP level 5. HP: 2/33 MP: 5/5
  1536 | D:3      | Noticed mandarbmax's ghost (amateur FoEE)
  1552 | D:3      | Killed mandarbmax's ghost
  1552 | D:3      | Reached XP level 6. HP: 38/38 MP: 6/6
  1858 | D:3      | Noticed an eye of draining
  2139 | D:3      | Found a bloodstained altar of Trog.
  2151 | D:3      | Killed an eye of draining
  2151 | D:3      | Reached XP level 7. HP: 44/44 MP: 0/7
  2297 | D:3      | Found an iron altar of Okawaru.
  2297 | D:3      | Found a hazy altar of Hepliaklqana.
  2297 | D:3      | Found a glowing silver altar of Zin.
  2319 | D:3      | Became a worshipper of Warmaster Okawaru
  2667 | D:3      | Found a runed door.
  2671 | D:3      | Noticed Crazy Yiuf
  2695 | D:3      | Reached skill level 5 in Armour
  2900 | D:4      | Noticed Grinder
  2902 | D:4      | Noticed Sigmund
  2919 | D:4      | Reached skill level 5 in Shields
  2938 | D:4      | Paralysed by Grinder for 2 turns
  2969 | D:4      | Paralysed by Grinder for 3 turns
  2972 | D:4      | HP: 1/44 [Grinder/nerve-wracking pain (2)]
  2973 | D:4      | Slain by Sigmund

Skill      XL: |  1  2  3  4  5  6  7 |
---------------+----------------------+-----
Shields        | 4 5 |  5.0
Fighting       | 4 |  4.5
Dodging        | 1 |  1.9
Armour         | 4 5 |  5.0
Maces & Flails | 3 4 |  4.5
Stealth        | |  0.8

Action                   |  1- 3 |  4- 6 |  7- 9 || total
-------------------------+-------+-------+-------++-------
Melee: Flail             |   133 |    48 |   159 ||   340
  Use: Scroll            |     7 |     1 |       ||     8
       Potion            |     5 |     3 |     1 ||     9
  Eat: Chunk             |     2 |     2 |     3 ||     7
Armor: Scale mail        |    93 |    10 |    30 ||   133
       Chain mail        |       |       |    74 ||    74
Dodge: Dodged            |    50 |     9 |    49 ||   108
Block: Shield            |    91 |    21 |    87 ||   199
